[Event "ICC Open 2015"]
[Site "Internet Chess Club"]
[Date "2015.05.29"]
[Round "8"]
[White "truufseir"]
[Black "Cinzento"]
[Result "0-1"]
[ICCResult "White forfeits on time"]
[WhiteElo "1549"]
[BlackElo "1725"]
[Opening "Sicilian: Taimanov (Bastrikov) variation"]
[ECO "B47"]
[NIC "SI.40"]
[Time "20:51:46"]
[TimeControl "180+0"]

1. e4 c5 2. Nf3 Nc6 3. d4 cxd4 4. Nxd4 e6 5. Nc3 Qc7 6. g3 a6 7. Bf4 e5 8.
Nxc6 exf4 9. Nd4 fxg3 10. hxg3 Nf6 11. Bg2 Bc5 12. Nf5 O-O 13. O-O d5 14.
Nxd5 Nxd5 15. Qxd5 Be6 16. Qd3 Bc4 17. Qf3 Bxf1 18. Bxf1 Qe5 19. c3 Rad8 20.
Bd3 Rfe8 21. Re1 Rd7 22. Re2 Red8 23. Bc2 Rd2 24. Kg2 Qf6 25. Qg4 g6 26. e5
Qc6+ 27. Be4 Qb6 28. Nh6+ Kg7 29. Nf5+ Kh8 30. Ne3 Rxe2 31. Qxe2 Bxe3 32.
Qxe3 Qxe3 33. fxe3 Rd2+ 34. Kf3 Rxb2 35. g4 b6 36. Kg3 a5 37. Kf3 Rxa2 38.
Kg3 Rb2 39. Kf3 a4 40. Kg3 a3 41. Kf3 a2 42. Kg3 a1=Q 43. Kf3 Qf1+ 44. Kg3
Rf2 45. Kh4 Qg1 {White forfeits on time} 0-1

[Event "ICC Open 2015"]
[Site "Internet Chess Club"]
[Date "2015.05.29"]
[Round "8"]
[White "Dlugy"]
[Black "Parsifal"]
[Result "1-0"]
[ICCResult "Black resigns"]
[WhiteElo "3030"]
[BlackElo "2428"]
[Opening "Queen's pawn: Keres defense"]
[ECO "A40"]
[NIC "QO.17"]
[Time "20:52:27"]
[TimeControl "180+0"]

1. d4 e6 2. c4 b6 3. Nf3 Bb7 4. Nc3 Bb4 5. Qb3 c5 6. dxc5 Bxc5 7. Bg5 Nf6 8.
e3 h6 9. Bh4 O-O 10. Be2 Be7 11. O-O d6 12. Rfd1 a6 13. Rd2 Nbd7 14. Qd1 Qc7
15. Rc1 Rfd8 16. Bg3 Nc5 17. Rd4 Nce4 18. Bh4 Nxc3 19. Rxc3 Rac8 20. Rc1 Ne4
21. Bxe7 Qxe7 22. Nd2 Nf6 23. Bf3 Qc7 24. Bxb7 Qxb7 25. Nf3 Qc7 26. Rc3 Qc6
27. Rcd3 Ne8 28. b3 b5 29. h3 Qb6 30. Nd2 Nf6 31. Rf4 Nd7 32. Ne4 Ne5 33.
Rxd6 Rxd6 34. Nxd6 Rc6 35. Rd4 bxc4 36. Nxc4 Nxc4 37. Rxc4 Rd6 38. Rd4 Rc6
39. Rd8+ Kh7 40. Qd3+ g6 41. Rd7 Rc7 42. Rxc7 Qxc7 43. Qxa6 Qc1+ 44. Qf1 Qb2
45. Qa6 Qc1+ 46. Kh2 Qe1 47. Qb7 Qxf2 48. Qf3 Qxa2 49. Qxf7+ Kh8 50. Qxe6
Kg7 51. Qe7+ Kg8 52. Qe6+ Kg7 53. Qe5+ Kf7 54. b4 Qc4 55. b5 Qb4 56. Qf4+
{Black resigns}
1-0

[Event "ICC Open 2015"]
[Site "Internet Chess Club"]
[Date "2015.05.29"]
[Round "8"]
[White "Capaman"]
[Black "waynehatcher"]
[Result "1-0"]
[ICCResult "Black checkmated"]
[WhiteElo "1991"]
[BlackElo "1705"]
[Opening "French: Rubinstein variation"]
[ECO "C03"]
[NIC "FR.07"]
[Time "20:51:54"]
[TimeControl "180+0"]

1. e4 e6 2. d4 d5 3. Nd2 dxe4 4. Nxe4 Nd7 5. Nf3 Ngf6 6. Bg5 Be7 7. Bxf6
Nxf6 8. Bd3 O-O 9. Qe2 Rb8 10. O-O-O b6 11. h4 Bb7 12. Neg5 h6 13. Ne5 Ne8
14. f4 Nf6 15. Rh3 Bd6 16. g4 Bxe5 17. dxe5 Nd5 18. Nxe6 fxe6 19. Qe4 Nf6
20. Qg6 Qe8 21. exf6 Qxg6 22. Bxg6 Rxf6 23. f5 e5 24. g5 hxg5 25. hxg5 Rxg6
26. fxg6 Be4 27. Re3 Bxg6 28. Rxe5 Rf8 29. b3 Rf2 30. Rd2 Rf1+ 31. Kb2 c5
32. a4 Rf8 33. Re7 Bf7 34. Rdd7 g6 35. Rxa7 Kg7 36. Rab7 Kg8 37. Kc3 Kg7 38.
Rxb6 Re8 39. Rxe8 Bxe8 40. Rb7+ Kf8 41. a5 Bc6 42. Rc7 Be4 43. a6 Ke8 44. a7
Kd8 45. Rh7 Bc6 46. a8=Q+ Bxa8 47. Rh8+ Ke7 48. Rxa8 Ke6 49. Ra6+ Ke5 50.
Rxg6 Kf5 51. Rc6 Kxg5 52. Rxc5+ Kf4 53. Rd5 Ke4 54. Rd8 Ke5 55. b4 Ke6 56.
b5 Ke7 57. Rd3 Ke6 58. b6 Ke5 59. b7 Ke4 60. Rd7 Kf5 61. b8=Q Ke6 62. Qe8+
Kf5 63. Rf7+ Kg5 64. Qg8+ Kh5 65. Rh7# {Black checkmated} 1-0

[Event "ICC Open 2015"]
[Site "Internet Chess Club"]
[Date "2015.05.29"]
[Round "8"]
[White "RobbieWilliams"]
[Black "f5"]
[Result "0-1"]
[ICCResult "White resigns"]
[WhiteElo "1738"]
[BlackElo "2133"]
[Opening "Dutch"]
[ECO "A80"]
[NIC "HD.12"]
[Time "20:52:25"]
[TimeControl "180+0"]

1. d4 f5 2. Nc3 d5 3. Bg5 g6 4. Qd2 Bg7 5. O-O-O c6 6. Kb1 Nd7 7. e3 Ndf6 8.
f3 e6 9. h3 Bd7 10. g4 Qe7 11. a3 O-O-O 12. b4 h6 13. Bf4 g5 14. Be5 Ne8 15.
Bxg7 Qxg7 16. Na4 Nd6 17. Nc5 b6 18. Ba6+ Kc7 19. Nxd7 Qxd7 20. Ne2 Nf6 21.
Ng3 Rde8 22. Ka2 b5 23. a4 Nc4 24. Qc3 Qd6 25. Rhg1 Rb8 26. Kb3 Rb6 27. axb5
cxb5 28. Ra1 Rxa6 29. gxf5 Rxa1 30. Qxa1 Kb7 31. fxe6 Qxe6 32. e4 dxe4 33.
Kc3 Rc8 34. Re1 Nd5+ 35. Kb3 Nde3 36. Nxe4 Nd2+ 37. Ka3 Nec4+ 38. Ka2 Nd6+
39. Kb2 N6xe4 40. fxe4 Qc4 41. Qd1 Qxb4+ 42. Ka1 Qc3+ 43. Ka2 Rc4
{White resigns}
0-1

[Event "ICC Open 2015"]
[Site "Internet Chess Club"]
[Date "2015.05.29"]
[Round "8"]
[White "ehkopean"]
[Black "Plantdawg"]
[Result "1-0"]
[ICCResult "Black forfeits on time"]
[WhiteElo "1692"]
[BlackElo "1779"]
[Opening "Robatsch (modern) defense"]
[ECO "B07"]
[NIC "VO.17"]
[Time "20:51:44"]
[TimeControl "180+0"]

1. e4 d6 2. d4 g6 3. Nc3 Bg7 4. Be3 h6 5. Qd2 Nd7 6. f4 c5 7. e5 cxd4 8.
Bxd4 dxe5 9. fxe5 e6 10. Nf3 Ne7 11. Bb5 a6 12. Ba4 b5 13. Bb3 Bb7 14. O-O-O
O-O 15. Rhe1 Rc8 16. Kb1 Nf5 17. Ne4 Nb6 18. Bxb6 Qxb6 19. Nd6 Rcd8 20. Qf4
a5 21. g4 Bxf3 22. Qxf3 Nxd6 23. Rxd6 Rxd6 24. exd6 a4 25. Bxe6 fxe6 26. Qd3
Qd4 27. Qxb5 Kh7 28. c3 Qxd6 29. Qxa4 Qd2 30. Rc1 Rf2 31. Qb5 Bxc3 32. Rxc3
h5 33. g5 Kg7 34. Rc7+ Rf7 35. Qe5+ Kg8 36. Rc8+ Rf8 37. Rxf8+ Kxf8 38. Qf6+
Ke8 39. Qxe6+ Kd8 40. Qg8+ Kc7 41. Qg7+ Kb8 42. Qf8+ Kc7 43. Qf7+ Kc8 44.
Qf8+ Qd8 45. Qxd8+ Kxd8 46. b4 Kd7 47. a4 Kd6 48. b5 Kc5 49. Kc2
{Black forfeits on time}
1-0

[Event "ICC Open 2015"]
[Site "Internet Chess Club"]
[Date "2015.05.29"]
[Round "8"]
[White "bythebook"]
[Black "MichelRocard"]
[Result "0-1"]
[ICCResult "White forfeits on time"]
[WhiteElo "1713"]
[BlackElo "1906"]
[Opening "French: Winawer, advance, 5.a3"]
[ECO "C17"]
[NIC "FR.10"]
[Time "20:52:18"]
[TimeControl "180+0"]

1. e4 e6 2. d4 d5 3. Nc3 Bb4 4. e5 c5 5. a3 Ba5 6. b4 cxd4 7. bxa5 dxc3 8.
Qg4 Ne7 9. Qxg7 Rg8 10. Qxh7 Qc7 11. Nf3 Nd7 12. Bf4 b6 13. g3 Bb7 14. Bg2
O-O-O 15. Qxf7 Ng6 16. O-O Rdf8 17. Qxe6 Nxf4 18. gxf4 d4 19. Kh1 Kb8 20.
axb6 axb6 21. Rab1 Rxg2 22. Kxg2 Nc5 23. Qg4 Qh7 24. Kg3 Rg8
{White forfeits on time}
0-1

[Event "ICC Open 2015"]
[Site "Internet Chess Club"]
[Date "2015.05.29"]
[Round "8"]
[White "nmd"]
[Black "Moreno1"]
[Result "1-0"]
[ICCResult "Black checkmated"]
[WhiteElo "1711"]
[BlackElo "1267"]
[Opening "English opening"]
[ECO "A21"]
[NIC "EO.22"]
[Time "20:51:58"]
[TimeControl "180+0"]

1. c4 e5 2. Nc3 d6 3. Nf3 c6 4. d4 h6 5. dxe5 Qe7 6. exd6 Qf6 7. e4 g5 8. e5
Qe6 9. Qe2 Bd7 10. Nd4 Qg6 11. f4 gxf4 12. Bxf4 Be6 13. Nxe6 fxe6 14. O-O-O
Nd7 15. Qe4 Qg7 16. Be2 h5 17. Rhg1 h4 18. g4 h3 19. g5 O-O-O 20. Bg4 Qf7
21. Rdf1 Qe8 22. g6 Nc5 23. Qc2 a6 24. b4 Nd7 25. c5 Kb8 26. Bg5 Rc8 27. Re1
Bh6 28. Qd2 Qxg6 29. Bxh6 Nxh6 30. Bd1 Qf5 31. Bc2 Qf8 32. Ref1 Qe8 33. Qe3
Qh5 34. Re1 Nf5 35. Qe2 Qh6+ 36. Kb1 Nd4 37. Qe3 Nb5 38. Qxh6 Rxh6 39. Nxb5
axb5 40. Rg6 Rh4 41. Rg7 Rd8 42. a3 b6 43. Bd1 bxc5 44. Bg4 cxb4 45. Bxe6
Nc5 46. Bg4 Nd3 47. Re3 Nc5 48. axb4 Na4 49. d7 c5 50. e6 c4 51. e7 c3 52.
exd8=Q+ Kb7 53. Qc8+ Kb6 54. d8=Q# {Black checkmated} 1-0

[Event "ICC Open 2015"]
[Site "Internet Chess Club"]
[Date "2015.05.29"]
[Round "8"]
[White "KVR"]
[Black "Chaos23"]
[Result "0-1"]
[ICCResult "White checkmated"]
[WhiteElo "1378"]
[BlackElo "2006"]
[Opening "Old Benoni: Mujannah formation"]
[ECO "A43"]
[NIC "OI.09"]
[Time "20:51:54"]
[TimeControl "180+0"]

1. d4 c5 2. d5 f5 3. c4 g6 4. Nc3 Bg7 5. e3 Bxc3+ 6. bxc3 Qa5 7. Bb2 Nf6 8.
Bd3 d6 9. Ne2 Nbd7 10. O-O Ne5 11. f3 O-O 12. e4 Nxd3 13. Qxd3 fxe4 14. fxe4
Bd7 15. Nf4 Ng4 16. Qg3 Ne5 17. Qg5 Rf7 18. Ne6 Bxe6 19. dxe6 Rg7 20. a4
Nxc4 21. Rf7 Re8 22. Rxg7+ Kxg7 23. Rf1 Ne5 24. Qf4 c4 25. Bc1 Qxc3 26. Qh6+
Kg8 27. Bf4 Qd4+ 28. Be3 Qxe4 29. Bxa7 c3 30. Be3 c2 31. Bg5 Qc4 32. Bxe7
Nf3+ 33. gxf3 Rxe7 34. Rc1 Rxe6 35. Qd2 Qc5+ 36. Qf2 Qg5+ 37. Qg2 Qxc1+ 38.
Qf1 Qxf1+ 39. Kxf1 c1=Q+ 40. Kf2 Qe3+ 41. Kg3 Rf6 42. a5 Rxf3+ 43. Kg4 Qe4+
44. Kg5 Rf5+ 45. Kh6 Qh4# {White checkmated} 0-1

[Event "ICC Open 2015"]
[Site "Internet Chess Club"]
[Date "2015.05.29"]
[Round "8"]
[White "Ira57"]
[Black "Qualm"]
[Result "1-0"]
[ICCResult "Black forfeits on time"]
[WhiteElo "1885"]
[BlackElo "1675"]
[Opening "Queen's pawn game"]
[ECO "D04"]
[NIC "QP.08"]
[Time "20:51:40"]
[TimeControl "180+0"]

1. d4 d5 2. Nf3 Nf6 3. e3 g6 4. b3 Bg7 5. Bb2 O-O 6. Nbd2 Ne4 7. Bd3 Nxd2 8.
Qxd2 c6 9. O-O Nd7 10. c4 Nf6 11. Rfd1 Bd7 12. Rac1 Rc8 13. Ne5 Be6 14. h3
a6 15. Ba3 Re8 16. Qb4 Rb8 17. Qc3 Nd7 18. Bb2 Nxe5 19. dxe5 Qb6 20. e4 dxe4
21. Bxe4 Red8 22. Qe1 Bh6 23. Rb1 Rxd1 24. Qxd1 Rd8 25. Qe1 Rd7 26. Bc3 Qd8
27. Kh2 Bd2 28. Bxd2 Rxd2 29. a3 Qd4 30. f4 Kg7 31. a4 a5 32. Kh1 h5 33. Rc1
Bd7 34. Rb1 b6 35. Rc1 c5 36. Kh2 f5 37. exf6+ exf6 38. Rb1 Qc3 39. Bf3 Qd4
40. Qe7+ Kh6 41. Qf8+ Kh7 42. Qf7+ Kh6 43. Qf8+ {Black forfeits on time} 1-0

[Event "ICC Open 2015"]
[Site "Internet Chess Club"]
[Date "2015.05.29"]
[Round "8"]
[White "Smays"]
[Black "Kyekerz"]
[Result "1-0"]
[ICCResult "Black forfeits on time"]
[WhiteElo "1639"]
[BlackElo "1255"]
[Opening "Neo-Grünfeld defense"]
[ECO "D70"]
[NIC "QP.08"]
[Time "20:52:37"]
[TimeControl "180+0"]

1. d4 d5 2. Nf3 g6 3. c4 Nf6 4. cxd5 Nxd5 5. e4 Nb6 6. Nc3 Bg4 7. Be3 Bg7 8.
Be2 O-O 9. h3 Bxf3 10. Bxf3 Nc6 11. d5 Ne5 12. Bxb6 axb6 13. Be2 c6 14. O-O
Ra5 15. f4 Nd7 16. Rc1 cxd5 17. b4 Ra3 18. Nxd5 Rxa2 19. Bc4 Ra8 20. e5 Rc8
21. Qf3 e6 22. Ne3 Rc7 23. Bb5 Nb8 24. Rcd1 Qe7 25. Nc4 Qxb4 26. Nd6
{Black forfeits on time}
1-0

[Event "ICC Open 2015"]
[Site "Internet Chess Club"]
[Date "2015.05.29"]
[Round "8"]
[White "maki89"]
[Black "dondoctor"]
[Result "1-0"]
[ICCResult "Black forfeits on time"]
[WhiteElo "2391"]
[BlackElo "2036"]
[Opening "French: Fort Knox variation"]
[ECO "C10"]
[NIC "FR.07"]
[Time "20:51:54"]
[TimeControl "180+0"]

1. d4 e6 2. e4 d5 3. Nc3 dxe4 4. Nxe4 Bd7 5. Nf3 Bc6 6. Bd3 Nd7 7. O-O Ngf6
8. Ng3 Be7 9. c3 Bxf3 10. Qxf3 c6 11. a4 Qa5 12. Bd2 Qd5 13. Qe2 h5 14. Ne4
Nxe4 15. Bxe4 Qd6 16. f4 g6 17. Kh1 Nf6 18. Bd3 Qd7 19. Rad1 Nd5 20. Bb1
O-O-O 21. b4 Bf6 22. Be4 Ne7 23. b5 Qc7 24. Rb1 c5 25. a5 Nd5 26. c4 Nb4 27.
dxc5 Na2 28. a6 b6 29. cxb6 Qxb6 30. c5 Qxc5 31. Ba5 Nc3 32. Qf3 Kb8 33.
Bxd8 Rxd8 34. Rb3 Nd5 35. Bxd5 Rxd5 36. h3 h4 37. b6 axb6 38. a7+ Kxa7 39.
Rfb1 Bd4 40. Ra3+ Kb7 41. Rab3 Bf2 42. Rb5 Qxb5 43. Rxb5 Bg3 44. Rxd5
{Black forfeits on time}
1-0

[Event "ICC Open 2015"]
[Site "Internet Chess Club"]
[Date "2015.05.29"]
[Round "8"]
[White "PajoPatak"]
[Black "paraguayo"]
[Result "1-0"]
[ICCResult "Black forfeits on time"]
[WhiteElo "1608"]
[BlackElo "1734"]
[Opening "Scotch game"]
[ECO "C45"]
[NIC "SO.04"]
[Time "20:51:44"]
[TimeControl "180+0"]

1. e4 e5 2. Nf3 Nc6 3. d4 exd4 4. Nxd4 Nge7 5. Nb3 d6 6. Nc3 g6 7. Bg5 Be6
8. Bf6 Rg8 9. Qd2 Qd7 10. O-O-O O-O-O 11. Bb5 a6 12. Bxc6 Qxc6 13. Nd5 Bxd5
14. exd5 Qd7 15. Rhe1 Re8 16. Qe3 Qf5 17. Bxe7 Bxe7 18. Qa7 Bg5+ 19. Kb1
Qxd5 20. a3 Rxe1 21. Rxe1 Kd7 22. f3 Bf6 23. Nc1 b6 24. Qxa6 Ra8 25. Qd3
Qxd3 26. Nxd3 Ra5 27. Nf4 Rg5 28. g4 Be5 29. Nh3 h6 30. Nxg5 hxg5 31. h3 Bf4
32. c3 c5 33. Kc2 Be5 34. b4 Ke6 35. bxc5 bxc5 36. Kd3 Kd5 37. Rb1 Kc6 38.
Rb8 d5 39. Rf8 f6 40. Rg8 c4+ 41. Kc2 Bf4 42. Rxg6 Be5 43. Rh6 Kb5 44. h4
Ka4 45. hxg5 Kxa3 46. gxf6 {Black forfeits on time} 1-0

[Event "ICC Open 2015"]
[Site "Internet Chess Club"]
[Date "2015.05.29"]
[Round "8"]
[White "Dewey"]
[Black "jorgeearroyo"]
[Result "1-0"]
[ICCResult "Black forfeits on time"]
[WhiteElo "1337"]
[BlackElo "1212"]
[Opening "Richter-Veresov attack"]
[ECO "D01"]
[NIC "QP.08"]
[Time "20:53:08"]
[TimeControl "180+0"]

1. d4 d5 2. Nc3 Nf6 3. Bg5 Nc6 4. Nf3 Bg4 5. e3 Ne4 6. Nxe4 dxe4 7. h3 exf3
8. hxg4 fxg2 9. Bxg2 h6 10. Bf4 e6 11. Qd3 Nb4 12. Qb3 a5 13. a3 a4 14. Qc4
Nd5 15. Bg3 c6 16. O-O-O Qb6 17. e4 Nf6 18. f3 Ra5 19. Be5 Rb5 20. Qc3 Nd7
21. Bg3 c5 22. d5 c4 23. dxe6 fxe6 24. Bf1 Nc5 25. Bxc4 {Black forfeits on
time} 1-0

[Event "ICC Open 2015"]
[Site "Internet Chess Club"]
[Date "2015.05.29"]
[Round "8"]
[White "Checharov"]
[Black "antizwi"]
[Result "1-0"]
[ICCResult "Black checkmated"]
[WhiteElo "2186"]
[BlackElo "1952"]
[Opening "Sicilian defense"]
[ECO "B40"]
[NIC "SI.43"]
[Time "20:51:57"]
[TimeControl "180+0"]

1. e4 c5 2. Nf3 e6 3. Nc3 Nc6 4. g3 d6 5. Bg2 Nf6 6. O-O Be7 7. Re1 O-O 8.
d4 cxd4 9. Nxd4 Qc7 10. Nb3 a6 11. f4 Bd7 12. g4 Rfd8 13. g5 Ne8 14. f5 Ne5
15. Kh1 Rac8 16. Qh5 b5 17. a3 a5 18. Re3 g6 19. Qh6 Bf8 20. Qh4 Be7 21. f6
Bf8 22. Rh3 h5 23. gxh6 Kh7 24. Bf4 b4 25. axb4 axb4 26. Ne2 Qxc2 27. Nbd4
Qxb2 28. Rg1 Ra8 29. Bc1 Qa2 30. Nf4 Qc4 31. Nf3 Ra1 32. Ng5+ Kh8 33. h7
Rxc1 34. Qf2 Rxg1+ 35. Qxg1 Qc5 36. Nxg6+ fxg6 37. f7 Ng7 38. Qxc5 dxc5 39.
Bf1 c4 40. Bxc4 Nxc4 41. Rd3 Be7 42. f8=Q+ Bxf8 43. Nf7+ Kxh7 44. Nxd8 Bc5
45. Rxd7 Ne5 46. Rc7 Bd4 47. Nxe6 Bc3 48. Rxg7+ Kh6 49. Rb7 b3 50. Rxb3 Bd2
51. Rh3# {Black checkmated} 1-0

[Event "ICC Open 2015"]
[Site "Internet Chess Club"]
[Date "2015.05.29"]
[Round "8"]
[White "spartan62"]
[Black "manta2"]
[Result "1-0"]
[ICCResult "Black forfeits on time"]
[WhiteElo "1297"]
[BlackElo "1260"]
[Opening "Sicilian: Taimanov variation"]
[ECO "B45"]
[NIC "SI.39"]
[Time "20:52:12"]
[TimeControl "180+0"]

1. e4 c5 2. Nf3 e6 3. d4 cxd4 4. Nxd4 Nc6 5. Nc3 Bb4 6. Bb5 Bxc3+ 7. bxc3
Qa5 8. O-O Qxc3 9. Be3 Ne5 10. Rb1 a6 11. Rb3 Qa5 12. Be2 Nf6 13. f3 O-O 14.
c4 Qxa2 15. c5 Nc6 16. Nxc6 dxc6 17. Qd3 Qa5 18. Bd4 Nd7 19. Ra1 Qd8 20. f4
Qe7 21. e5 Nxc5 22. Bxc5 Qxc5+ 23. Kh1 b5 24. Rc3 Qf2 25. Rxc6 Bb7 26. Rf1
Qh4 27. Rd6 Bxg2+ 28. Kxg2 Qh6 29. Qf3 Rac8 30. Kh1 {Black forfeits on time}
1-0

[Event "ICC Open 2015"]
[Site "Internet Chess Club"]
[Date "2015.05.29"]
[Round "8"]
[White "ClockWatcher"]
[Black "Sjelan"]
[Result "1/2-1/2"]
[ICCResult "Game drawn by repetition"]
[WhiteElo "1858"]
[BlackElo "2191"]
[Opening "Caro-Kann defense"]
[ECO "B10"]
[NIC "CK.01"]
[Time "20:52:10"]
[TimeControl "180+0"]

1. e4 c6 2. Nf3 d5 3. exd5 cxd5 4. d4 Nf6 5. Be2 Nc6 6. O-O Bg4 7. h3 Bxf3
8. Bxf3 e6 9. b3 Qb6 10. Re1 Qxd4 11. Qxd4 Nxd4 12. Bd1 Be7 13. Bb2 Nc6 14.
Nd2 O-O 15. Nf3 Rfd8 16. Ne5 Nxe5 17. Bxe5 Nd7 18. Bb2 Rac8 19. Rc1 Bg5 20.
Rb1 Bd2 21. Re2 Bc3 22. Ba3 Nc5 23. Bxc5 Rxc5 24. Re3 d4 25. Rg3 g6 26. Be2
b5 27. Bd3 e5 28. h4 Re8 29. f3 b4 30. h5 Kg7 31. hxg6 hxg6 32. Rg4 Ra5 33.
Rf1 Rxa2 34. f4 e4 35. Bc4 Ra1 36. f5 Rxf1+ 37. Kxf1 Re5 38. fxg6 f5 39. Rg3
f4 40. Rg4 Rf5 41. Ke2 f3+ 42. gxf3 exf3+ 43. Kf2 Rf6 44. Bd3 Bb2 45. Rh4
Bc1 46. Rh7+ Kf8 47. Rxa7 Be3+ 48. Kg3 Bh6 49. Rf7+ Rxf7 50. gxf7 Kxf7 51.
Kxf3 Ke6 52. Ke4 Be3 53. Bc4+ Kd6 54. Bd3 Kc5 55. Ke5 Bd2 56. Ke6 Bc3 57.
Kd7 Bb2 58. Kc7 Bc3 59. Kb7 Bb2 60. Ka6 Bc3 61. Kb7 Bb2 62. Kc8 Bc3 63. Kd7
Kd5 64. Bc4+ Ke5 65. Bd3 Kf4 66. Kc6 Ke3 67. Kd5 Kd2 68. Kc4 Kc1 69. Kd5 Kb2
70. Ke6 Ka1 71. Kf5 Kb2 72. Ke4 Ka1 73. Bc4 Kb2 74. Bd3 Ka1 75. Kd5 Kb2 76.
Kc4 Ka1 77. Kd5 Kb2 78. Ke4 Ka1 79. Kf3 Kb2 80. Ke2 Ka1 81. Kd1 Kb2 82. Be4
Kb1 83. Bd3 Kb2 84. Ke2 Kb1 85. Kf3 Kb2 86. Kg4 Kb1 87. Kh3 Kb2 88. Kg2 Kb1
89. Kh1 Kb2 90. Kh2 Kb1 91. Be4 Kb2 92. Bd3 Kb1 93. Kh3 Kb2 94. Kg2 Kb1 95.
Kf3 Kb2 96. Ke4 Kb1 97. Kd5 Kb2 98. Kc4 Kb1 99. Kd5 Kb2 100. Ke4 Kb1 101.
Kf3 Kb2 102. Ke2 Kb1 103. Kd1 Kb2 104. Be4 Kb1 105. Bd3 Kb2 106. Be2 Kb1
107. Bc4 Kb2 108. Bd3 Kb1 109. Ke2 Kb2 110. Kf3 Kb1 111. Ke4 Kb2 112. Kd5
Kb1 113. Kc4 Kb2 114. Be4 Kb1 115. Bd3 Kb2 116. Kd5 Kb1 117. Ke4 Kb2 118.
Kf5 Kb1 119. Kg6 Kb2 120. Kh7 Kb1 121. Kg8 Kb2 122. Kf7 Kb1 123. Ke6 Kb2
124. Kd5 {Game drawn by repetition} 1/2-1/2

[Event "ICC Open 2015"]
[Site "Internet Chess Club"]
[Date "2015.05.29"]
[Round "8"]
[White "Hareaum"]
[Black "TopSpin"]
[Result "0-1"]
[ICCResult "White checkmated"]
[WhiteElo "1748"]
[BlackElo "1994"]
[Opening "Queen's pawn game"]
[ECO "A46"]
[NIC "QP.06"]
[Time "20:52:37"]
[TimeControl "180+0"]

1. d4 Nf6 2. Nf3 c5 3. Bf4 cxd4 4. Nxd4 e5 5. Bxe5 Qa5+ 6. Nc3 Qxe5 7. e3
Bb4 8. Bd3 Nc6 9. Nxc6 dxc6 10. O-O Bd6 11. g3 Bg4 12. Be2 Bxe2 13. Nxe2
O-O-O 14. Nd4 Nd5 15. Qf3 f6 16. Qf5+ Qxf5 17. Nxf5 g6 18. Nd4 Rhe8 19. c4
Nb4 20. a3 Nd3 21. b4 Be5 22. Rad1 Bxd4 23. Rxd3 Be5 24. Rfd1 Rxd3 25. Rxd3
Rd8 26. Rb3 Rd2 27. Kg2 Kc7 28. h3 h5 29. Kf1 b5 30. f4 bxc4 31. Rb1 Bb2 32.
a4 c3 33. Ke1 Rh2 34. Rd1 c2 35. b5 Bc3+ 36. Rd2 Bxd2+ 37. Kf1 c1=Q#
{White checkmated}
0-1

[Event "ICC Open 2015"]
[Site "Internet Chess Club"]
[Date "2015.05.29"]
[Round "8"]
[White "ChessNakas"]
[Black "nihil95"]
[Result "1-0"]
[ICCResult "Black forfeits on time"]
[WhiteElo "2099"]
[BlackElo "1768"]
[Opening "King's pawn opening"]
[ECO "B07"]
[NIC "VO.17"]
[Time "20:51:55"]
[TimeControl "180+0"]

1. e4 d6 2. Nc3 c6 3. f4 g6 4. Nf3 d5 5. e5 Bg4 6. d4 e6 7. Bd3 h5 8. O-O h4
9. h3 Bxf3 10. Qxf3 Nh6 11. Ne2 Be7 12. Be3 Nf5 13. Bf2 Nd7 14. Bxf5 gxf5
15. Qb3 Rb8 16. Kh2 Nf8 17. c4 Ng6 18. cxd5 Qxd5 19. Qxd5 cxd5 20. Rac1 Kd7
21. Be3 a6 22. Nc3 Rbc8 23. Na4 Rc6 24. Rxc6 bxc6 25. Rc1 Rb8 26. b3 Rb4 27.
Nc5+ Bxc5 28. Rxc5 Rb5 29. Rc2 a5 30. g4 hxg3+ 31. Kxg3 Rb4 32. h4 a4 33.
bxa4 Rxa4 34. h5 Ne7 35. Rb2 Kc7 36. Kh4 Ra3 37. Bd2 Rd3 38. Bb4 Nc8 39. Bc5
Rf3 40. Kg5 Rg3+ 41. Kf6 Rh3 42. Kxf7 Rxh5 43. Kxe6 Rh4 44. Kxf5 Rh5+ 45.
Kg6 Rh4 46. f5 Rg4+ 47. Kh5 Rg1 48. f6 Rf1 49. Kg6 Kd7 50. Rb7+ Kd8 51. f7
Rg1+ 52. Kf6 Rf1+ 53. Kg7 Rg1+ 54. Kh6 Rh1+ 55. Kg5 Rg1+ 56. Kh4 Rf1 57.
f8=Q+ Rxf8 58. Bxf8 Ne7 59. Bxe7+ Ke8 60. Rc7 c5 61. Rc6 c4 62. Rxc4
{Black forfeits on time}
1-0

[Event "ICC Open 2015"]
[Site "Internet Chess Club"]
[Date "2015.05.29"]
[Round "8"]
[White "isodung"]
[Black "CapilanoBridge"]
[Result "0-1"]
[ICCResult "White forfeits on time"]
[WhiteElo "2724"]
[BlackElo "3175"]
[Opening "Four knights game"]
[ECO "C47"]
[NIC "KP.06"]
[Time "20:51:39"]
[TimeControl "180+0"]

1. e4 e5 2. Nc3 Nc6 3. Nf3 Nf6 4. g3 Bc5 5. Bg2 d6 6. O-O a6 7. d3 O-O 8.
Be3 Bg4 9. h3 Bxf3 10. Qxf3 Bxe3 11. fxe3 h6 12. h4 Qd7 13. Kh2 Ng4+ 14. Kg1
Nf6 15. Kh2 Qg4 16. Bh3 Qxf3 17. Rxf3 Ne7 18. g4 Nh7 19. Raf1 g6 20. Nd5
Nxd5 21. exd5 e4 22. dxe4 Rae8 23. Bg2 f6 24. R3f2 Re5 25. Kg3 Kg7 26. c4 h5
27. gxh5 Rxh5 28. Bf3 Re5 29. Bg2 g5 30. Rf5 gxh4+ 31. Kxh4 Rfe8 32. Rxe5
Rxe5 33. Rf5 Re8 34. Rf1 Ng5 35. Rf4 Rh8+ 36. Kg3 Nf7 37. Rg4+ Kf8 38. Rg6
Ke7 39. Rg7 Kf8 40. Rg6 Rh6 41. Rxh6 Nxh6 42. Kf4 a5 43. b3 Nf7 44. Bf1 Ne5
45. Be2 Kf7 46. Kf5 Ke7 47. Kf4 Nd7 48. Bd3 Nc5 49. Bc2 Na6 50. a3 c6 51.
Kf3 c5 52. Kf4 Nc7 53. a4 Na6 54. Bd1 Nb4 55. Kf3 Nd3 56. Ke2 Ne5 57. Kf2
Kf7 58. Be2 Kg6 59. Kg3 Kg5 60. Kh3 Nf7 61. Kg3 Ne5 62. Kh3 Ng6 63. Kg3 Ne7
64. Bf1 f5 65. exf5 Kxf5 66. Bd3+ Ke5 67. Kf3 Ng8 68. Bc2 Nf6 69. Bd3 Nd7
70. Bc2 Kf6 71. Kf4 Ne5 72. Be4 Nf7 73. Bf5 Ng5 74. Bc2 Nh3+ 75. Kg3 Ng5 76.
Kf4 Nf7 77. Bf5 Ne5 78. Bc2 Nd7 79. Bf5 Ne5 80. Bc2 b6 81. Bf5 Nf7 82. Bc2
Nh6 83. Be4 Nf7 84. Bc2 Ne5 85. Be4 Nd7 86. Bc2 Nb8 87. Be4 Na6 88. Bc2 Nb4
89. Be4 Na2 90. Bc2 Nc1 91. Kf3 Ke5 92. Kf2 Na2 93. Ke2 Nb4 94. Bb1 Kf6 95.
Kd2 Kg5 96. Ke2 Kg4 97. Kf2 Na6 98. Ke2 Nc7 99. Kd2 Ne8 100. Ke2 Nf6 101.
Kd2 Kf3 102. Kd3 Nd7 103. Kd2 Ne5 104. Bc2 Kf2 105. Bd1 Ng6 106. Bh5 Ne5
107. Bd1 Nd7 108. Bh5 Nf6 109. Bd1 Ne4+ 110. Kd3 Nf6 111. Bc2 Nd7 112. Kd2
Ne5 113. Be4 Kg3 114. Bf5 Kf3 115. Bc2 Kf2 116. e4 Nf3+ 117. Kc3 Ne5 118.
Kd2 Kf3 119. Bd3 Kf4 120. Bc2 Nf3+ 121. Kc3 Nd4 122. Bd3 Ke5 123. Bc2 Nf3
124. Bd3 Nd4 125. Bc2 Nf3 126. Bd3 Ng5 127. Kb2 Nxe4 {White forfeits on
time} 0-1

[Event "ICC Open 2015"]
[Site "Internet Chess Club"]
[Date "2015.05.29"]
[Round "8"]
[White "BlitzorDDD"]
[Black "RLH2"]
[Result "1-0"]
[ICCResult "Black resigns"]
[WhiteElo "3156"]
[BlackElo "2849"]
[Opening "English opening"]
[ECO "A05"]
[NIC "QP.11"]
[Time "20:52:26"]
[TimeControl "180+0"]

1. Nf3 Nf6 2. c4 e6 3. Nc3 c5 4. g3 Nc6 5. Bg2 Be7 6. O-O O-O 7. d4 cxd4 8.
Nxd4 a6 9. b3 Qc7 10. Bb2 Rb8 11. Rc1 Qa5 12. Qd2 Nxd4 13. Qxd4 Qh5 14. Qa7
Bd6 15. Rfd1 Bc7 16. h3 d6 17. Ba3 Rd8 18. Qe3 Qa5 19. Bb2 Bd7 20. Ne4 Nxe4
21. Bxe4 Qh5 22. Bf3 Qxh3 23. c5 Bc6 24. cxd6 Rxd6 25. Bxc6 bxc6 26. Qg5
Rxd1+ 27. Rxd1 e5 28. Bxe5 f6 29. Bxf6 Qh6 30. Qxh6 gxh6 31. Rd7 Bb6 32.
Rg7+ Kf8 33. Rxh7 Re8 34. Rh8+ Kf7 35. Rxe8 Kxe8 36. g4 Kf7 37. Bc3 Kg6 38.
Kg2 h5 39. gxh5+ Kxh5 40. f3 Kg6 41. e4 Kg5 42. Bd2+ Kf6 43. f4 Bd4 44. Kf3
c5 45. f5 Ke5 46. Bf4+ Kf6 47. Kg4 a5 48. e5+ Kf7 49. e6+ Kf6 50. Bg5+ Kg7
51. Kf3 a4 52. Ke4 a3 53. Kd5 c4 54. bxc4 Bf6 55. Bxf6+ Kxf6 56. Ke4
{Black resigns}
1-0